 Dungeon Crawl Stone Soup version 0.17.2-1-ge4368a0 (webtiles) character file.

47 Goblin1989 the Cudgeler (level 3, -1/29 HPs)
             Began as a Demonspawn Fighter on Sept 10, 2016.
             Slain by an adder (4 damage)
             ... on level 2 of the Dungeon.
             The game lasted 00:03:33 (1308 turns).

Goblin1989 the Cudgeler (Demonspawn Fighter)        Turns: 1308, Time: 00:03:34

Health: -1/29      AC: 10    Str: 21    XL:     3   Next: 48%
Magic:  3/3        EV:  5    Int: 10    God:
Gold:   103        SH:  9    Dex: 12    Spells: 0 memorised, 2 levels left

rFire  . . .     SeeInvis .     a - +0 flail
rCold  + . .     Clarity  .     u - +0 chain mail
rNeg   . . .     SustAt   +     c - +0 shield
rPois  .         Gourm    .     (no helmet)
rElec  .         Spirit   .     (no cloak)
rCorr  .         Warding  .     (no gloves)
rMut   .         Stasis   .     (no boots)
MR     .....                    (no amulet)
Stlth  ..........               v - ring of sustain attributes
                                s - ring of protection from cold

@: mighty, not resistant to hostile enchantments, extremely unstealthy
A: slimy green scales 1, nightstalker 1
a: no special abilities


You were on level 2 of the Dungeon.
You were hungry.

You visited 1 branch of the dungeon, and saw 2 of its levels.

You collected 103 gold pieces.

Inventory:

Hand Weapons
 a - a +0 flail (weapon)
Armour
 c - a +0 shield (worn)
 u - a +0 chain mail (worn)
Jewellery
 s - a ring of protection from cold (left hand)
 v - a ring of sustain attributes (right hand)
Scrolls
 f - a scroll of teleportation {unknown}
 g - a scroll of immolation {unknown}
 h - 2 scrolls of identify {unknown}
 i - 2 scrolls of remove curse {unknown}
 j - a scroll of enchant armour {unknown}
 k - a scroll of fear {unknown}
 n - a scroll of recharging {unknown}
 t - a scroll of random uselessness {unknown}
Potions
 b - a potion of beneficial mutation {unknown}
 d - 2 potions of might
 l - a potion of lignification {unknown}
 m - a potion of flight {unknown}
 o - a potion of brilliance {unknown}
 p - a potion of mutation {unknown}
 r - a potion of curing {unknown}
Comestibles
 e - a bread ration
 q - a beef jerky


   Skills:
 - Level 3.0 Fighting
 + Level 3.5 Maces & Flails
 - Level 2.6 Armour
 - Level 2.6 Shields


You had 2 spell levels left.
You didn't know any spells.

Dungeon Overview and Level Annotations

Branches:
Dungeon (2/15)

Altars:

Annotations:
D:2 Robin


Innate Abilities, Weirdness & Mutations

You are partially covered in slimy green scales (AC +2).
You are slightly more attuned to the shadows.


Message History

The adder is severely wounded.
The adder barely misses you.
The giant newt hisses menacingly.
The adder barely misses you.
You miss the adder.
The adder is severely wounded.
The adder bites you but does no damage. x2
Your shield and chain mail prevent you from hitting the adder.
The adder is severely wounded.
The adder bites you but does no damage.
You closely miss the adder.
The adder is severely wounded.
You block the adder's attack. The adder closely misses you.
You miss the adder.
The adder is severely wounded.
You block the adder's attack. x2
You closely miss the adder.
The adder is severely wounded.
The adder bites you but does no damage. The adder bites you.
You die...

..#.# #.##.##.######### #
....# #.##....# #
..########.##..### #
............#).# ########
..#####....PP..# #.g..gS.
.........P♣♣P..# #.######
.##.##.P♣P♣PPP.# #.#
.##.###.P♣♣♣♣..###########.#
.##.....♣ PP....@Sggggl....#
.#######♣♣♣P...#############
..............)#
###########...## #####


You could see an adder, a hobgoblin, 3 goblins and a giant newt.

Vanquished Creatures
  An adder (D:2)
  An ooze (D:1)
  2 worms (D:2)
  5 bats
  5 goblins
  6 hobgoblins
  A ball python (D:1)
  4 kobolds
  5 rats
  A plant (D:2)
31 creatures vanquished.

Notes
Turn   | Place    | Note
--------------------------------------------------------------
     0 | D:1      | Goblin1989 the Demonspawn Fighter began the quest for the Orb.
     0 | D:1      | Reached XP level 1. HP: 18/18 MP: 1/1
   183 | D:1      | Gained mutation: You are slightly more attuned to the shadows. [demonic ancestry]
   183 | D:1      | Reached XP level 2. HP: 18/24 MP: 2/2
   998 | D:2      | Gained mutation: You are partially covered in slimy green scales (AC +2). [demonic ancestry]
   998 | D:2      | Reached XP level 3. HP: 20/29 MP: 3/3
  1259 | D:2      | Found a faded altar to an unknown god.
  1261 | D:2      | Noticed Robin
  1296 | D:2      | HP: 1/29 [adder (3)]
  1308 | D:2      | Slain by an adder

Action                   || total
-------------------------++-------
Melee: Flail             ||   146
  Use: Potion            ||     1
  Eat: Chunk             ||     1
